 Dungeon Crawl Stone Soup version 0.29-a0-817-g9904bce7a6 (webtiles) character file.

Game seed: 7507166354918581208

31 pericles the Trooper (level 3, -1/29 HPs)
             Began as a Human Fighter on July 5, 2022.
             Killed by an exploding gnoll (21 damage)
             ... ignited by their inner flame
             ... on level 3 of the Dungeon.
             The game lasted 00:05:27 (757 turns).

pericles the Trooper (Human Fighter)                 Turns: 757, Time: 00:05:29

Health: -1/29      AC:  6    Str: 18    XL:     3   Next: 40%
Magic:  3/3        EV:  9    Int:  8    God:
Gold:   67         SH:  5    Dex: 14    Spells: 2/2 levels left

rFire   . . .      SeeInvis .   a - +0 long sword
rCold   . . .      Faith    +   c - +0 buckler
rNeg    + . .      Spirit   .   b - +0 scale mail
rPois   .          Reflect  .   (no helmet)
rElec   .          Harm     .   (no cloak)
rCorr   .          Rampage  .   (no gloves)
Will    .....                   (no boots)
Stlth   ..........              j - amulet "Rolan" {Faith Will- Dex+2 Slay+3}
HPRegen 0.09/turn               i - ring of positive energy
MPRegen 0.08/turn               (no ring)

@: no status effects
A: no striking features
a: no special abilities


You were on level 3 of the Dungeon.
You visited 1 branch of the dungeon, and saw 3 of its levels.

You collected 67 gold pieces.

Inventory:

Hand Weapons
 a - a +0 long sword (weapon)
 f - a +0 rapier
Armour
 b - a +0 scale mail (worn)
 c - a +0 buckler (worn)
Jewellery
 i - a ring of positive energy (left hand)
 j - the amulet "Rolan" (around neck) {Faith Will- Dex+2 Slay+3}
   (You acquired it on level 3 of the Dungeon)

   [amulet of faith]

   It allows you to gain divine favour quickly.
   Dex:       It affects your dexterity (+2).
   Slay:      It affects your accuracy & damage with ranged weapons and melee
   (+3).
   Will:      It decreases your willpower.
Scrolls
 e - a scroll of acquirement
Potions
 d - a potion of might
 h - a potion of curing {unknown}
 k - a potion of lignification {unknown}


   Skills:
 + Level 3.5 Fighting
 + Level 2.2 Long Blades
 + Level 3.2 Armour
 + Level 0.4 Dodging
 + Level 3.2 Shields


You had 2 spell levels left.
You didn't know any spells.
Your spell library was empty.

Dungeon Overview and Level Annotations

Branches:
Dungeon (3/15)

Altars:


Message History

You continue putting on the amulet "Rolan" {Faith Will- Dex+2 Slay+3}.
The jackal bites you but does no damage.
You continue putting on the amulet "Rolan" {Faith Will- Dex+2 Slay+3}.
The jackal bites you but does no damage.
You continue putting on the amulet "Rolan" {Faith Will- Dex+2 Slay+3}.
The jackal bites you but does no damage.
You block the jackal's attack.
You continue putting on the amulet "Rolan" {Faith Will- Dex+2 Slay+3}.
The jackal misses you.
You finish putting on the amulet "Rolan" {Faith Will- Dex+2 Slay+3}.
You feel a strange surge of divine interest.
You feel agile.
j - the amulet "Rolan" (around neck) {Faith Will- Dex+2 Slay+3} You slash the jackal!
You kill the jackal!
You closely miss the hobgoblin. The hobgoblin hits you.
You block the hobgoblin's attack.
You closely miss the hobgoblin. The hobgoblin closely misses you.
You hit the hobgoblin.
The hobgoblin is moderately wounded.
The hobgoblin barely misses you. x2
You slash the hobgoblin!
You kill the hobgoblin!
You hit the gnoll.
The gnoll is moderately wounded.
The gnoll barely misses you.
You hit the gnoll but do no damage.
The gnoll is moderately wounded.
You block the gnoll's attack. The gnoll hits you with a +0 whip.
As you read the scroll labelled COSUX ZINWANN, it crumbles to dust.
The creatures around you are filled with an inner flame!
It was a scroll of immolation.
The gnoll barely misses you.
You hit the gnoll.
Flame seeps out of the gnoll.
The gnoll is severely wounded.
The gnoll is engulfed in blazing flames.
The gnoll explodes!
The fiery explosion engulfs the endoplasm!
The fiery explosion engulfs you!!
Ouch! That really hurt!
You die...

....J
.......
#.###
#.....
#.#$#.#....
.###.#...
......
#.###.#.#
....g.§.#
.#.####○#
#@# #.#
####.#
#<...#
######


There were no monsters in sight!

Vanquished Creatures
  A gnoll (D:3)
  An adder (D:2)
  3 bats (D:2)
  3 endoplasms
  A giant cockroach (D:2)
  A goblin (D:1)
  A hobgoblin (D:3)
  2 jackals (D:3)
  A quokka (D:2)
  2 ball pythons
  4 frilled lizards (D:2)
  3 kobolds
23 creatures vanquished.

Notes
Turn   | Place    | Note
-------+----------+-------------------------------------------
     0 | D:1      | pericles the Human Fighter began the quest for the Orb.
     0 | D:1      | Reached XP level 1. HP: 18/18 MP: 1/1
   273 | D:2      | Reached XP level 2. HP: 19/24 MP: 2/2
   497 | D:2      | Reached XP level 3. HP: 16/29 MP: 3/3
   742 | D:3      | Identified 2 scrolls of acquirement
   742 | D:3      | Acquired the amulet "Rolan" {Faith Will- Dex+2 Slay+3}
   757 | D:3      | Killed by an exploding gnoll... ignited by their inner
                  | flame

Illustrated notes

Levels and vault maps discovered:
D:1:      dpeg_arrival_renting, layout_basic, ebering_ecumenical_altar_webs
D:2:      layout_rooms, corexii_hall_statues_x, grunt_ministairs_15,
          uniq_jessica
D:3:      minmay_thinvault, layout_basic, fedhas_altar_4, minmay_surrounded,
          uniq_robin, uniq_ijyb

Action                   || total
-------------------------++-------
Melee: Long sword        ||    69
  Use: Scroll            ||     2
Armor: Scale mail        ||    42
Dodge: Dodged            ||    40
Block: Buckler           ||    20

Table legend: (Time is in decaauts)
 A = Elapsed time spent in this place.
 B = Non-inter-level travel time spent in this place.
 C = Inter-level travel time spent in this place.
 D = Time resting spent in this place.
 E = Time spent auto-exploring this place.
 F = Levels seen in this place.
 G = Mean time per level.
                   A        B        C        D        E       F      G
               +--------+--------+--------+--------+--------+-----+--------+
         Total |    778 |    778 |      0 |    297 |     97 |   3 |  259.3 |
       Dungeon |    778 |    778 |      0 |    297 |     97 |   3 |  259.3 |
               +--------+--------+--------+--------+--------+-----+--------+

Top non-repeatable levels by time:
     D:2: 472 daAuts
     D:1: 268 daAuts
     D:3: 38 daAuts
